 Dungeon Crawl Stone Soup version 0.26.1-11-gd32895ea62 (webtiles) character file.

Game seed: 1176249673140373101

33 raph the Digger (level 3, -1/19 HPs)
             Began as a Gargoyle Earth Elementalist on May 21, 2021.
             Killed from afar by an orc wizard (6 damage)
             ... with a magic dart
             ... on level 2 of the Dungeon.
             The game lasted 00:03:32 (1646 turns).

raph the Digger (Gargoyle Earth Elementalist)       Turns: 1646, Time: 00:03:33

Health: -1/19      AC:  5    Str: 11    XL:     3   Next: 29%
Magic:  0/6        EV: 12    Int: 16    God:
Gold:   90         SH:  0    Dex: 10    Spells: 0/6 levels left

rFire    + . .     SeeInvis .   e - +0 dagger
rCold    x . .     Faith    .   (no shield)
rNeg     + . .     Spirit   .   c - +0 robe
rPois    ∞         Reflect  .   (no helmet)
rElec    +         Harm     .   (no cloak)
rCorr    .         Rampage  .   (no gloves)
Will     .....                  (no boots)
Stlth    ++........             (no amulet)
HPRegen  0.06/turn              j - ring of fire (curse)
MPRegen  0.10/turn              (no ring)

@: no status effects
A: negative energy resistance 1, electricity resistance, unbreathing,
petrification resistance, miasma immunity, AC +3
a: no special abilities


You were on level 2 of the Dungeon.
You visited 1 branch of the dungeon, and saw 2 of its levels.

You collected 90 gold pieces.

Inventory:

Hand Weapons
 e - a +0 dagger (weapon)
Missiles
 b - 91 stones
Armour
 c - a +0 robe (worn)
Jewellery
 j - a cursed ring of fire (left hand)
Scrolls
 d - 8 scrolls of remove curse {unknown}
 h - 2 scrolls of identify {unknown}
 i - a scroll of magic mapping {unknown}
Potions
 a - 2 potions of lignification {unknown}
 f - a potion of brilliance {unknown}
 g - 2 potions of heal wounds {unknown}
 k - a potion of haste {unknown}
 l - a potion of curing {unknown}
 m - a potion of cancellation {unknown}


   Skills:
 - Level 1.5 Dodging
 - Level 2.1 Stealth
 - Level 2.0 Spellcasting
 - Level 0.7 Transmutations
 + Level 5.2 Earth Magic


You couldn't memorise any spells.
You knew the following spells:

 Your Spells              Type           Power        Failure   Level
a - Sandblast             Erth           36%          2%          1
b - Passwall              Tmut/Erth      9%           10%         2
c - Stone Arrow           Conj/Erth      18%          22%         3

Your spell library contained the following spells:

 Spells                   Type           Power        Failure   Level
 Petrify                  Tmut/Erth      11%          52%         4
 Lee's Rapid Deconstruct  Erth           9%           56%         5


Dungeon Overview and Level Annotations

Branches:
Dungeon (2/15)

Altars:
The Shining One


Innate Abilities, Weirdness & Mutations

You are resistant to torment.
Your stone body is resilient. (AC +3)
You are immune to poison.
You resist negative energy. (rN+)
You are resistant to electric shocks. (rElec)
You can survive without breathing.
You are immune to petrification.
You are immune to miasma.


Message History

The orc wizard gestures at you while chanting.
The puff of flame hits you. You resist.
You closely miss the orc wizard.
The orc wizard is severely wounded.
The orc wizard begins to cast a cantrip, but forgets the words!
You hit the orc wizard but do no damage.
The orc wizard is severely wounded.
The orc wizard closely misses you. The orc wizard misses you.
You hit the orc wizard.
The orc wizard is almost dead.
The orc wizard casts a spell at itself.
The orc wizard flickers and vanishes!
Deactivating autopickup; reactivate with Ctrl-A.
You miss something. Something hits you.
You hit something but do no damage. Something hits you.
* * * LOW HITPOINT WARNING * * *
You hear some strange, mumbled words.
A magic dart appears from out of thin air!
The magic dart hits you.
You die...

#..........#
#####...##......#
#.......##.####.#
#....#####.# #
#....# #.# #....#
#.# +....+ ..#
###....#######
#......@{o.#
#......###.#
#......# #.#
+).....# #......#
#.....##
####....o
........... ..o.
############ ...
.. .


You could see an orc.

Vanquished Creatures
  An orc (D:2)
  6 bats (D:1)
  3 giant cockroaches
  4 hobgoblins (D:1)
  2 ball pythons (D:1)
  3 frilled lizards
  4 goblins (D:1)
  6 kobolds
  4 rats
33 creatures vanquished.

Vanquished Creatures (others)
  6 toadstools (D:2)
6 creatures vanquished.

Grand Total: 39 creatures vanquished

Notes
Turn   | Place    | Note
-------+----------+-------------------------------------------
     0 | D:1      | raph the Gargoyle Earth Elementalist began the quest for
                  | the Orb.
     0 | D:1      | Reached XP level 1. HP: 10/10 MP: 3/3
    73 | D:1      | Reached skill level 4 in Earth Magic
   228 | D:1      | Reached XP level 2. HP: 14/15 MP: 1/5
   949 | D:1      | Reached XP level 3. HP: 19/19 MP: 4/6
   952 | D:1      | Learned a level 2 spell: Passwall
   956 | D:1      | Learned a level 3 spell: Stone Arrow
  1091 | D:1      | Reached skill level 5 in Earth Magic
  1367 | D:2      | Found a glowing golden altar of the Shining One.
  1646 | D:2      | Killed from afar by an orc wizard

Illustrated notes

Levels and vault maps discovered:
D:1:      dpeg_arrival_long_road, layout_rooms
D:2:      cheibrodos_fertilizer, layout_basic, kennysheep_donut, tso_metal_star

Skill      XL: |  1  2  3 |
---------------+----------+-----
Earth Magic    | 4 5 |  5.2
Dodging        | |  1.5
Stealth        | |  2.1
Spellcasting   | |  2.0
Transmutations | |  0.7

Action                   || total
-------------------------++-------
Melee: Unarmed           ||    31
       Dagger            ||    49
 Cast: Sandblast         ||    44
Armor: Robe              ||    27
Dodge: Dodged            ||    84
